 Dungeon Crawl Stone Soup version 0.25-a0-589-g1e14c54 (webtiles) character file.

Game seed: 10413207800045820009, levelgen mode: deterministic

1276 robertstho the Ruffian (level 8, -1/79 HPs)
             Began as a Troll Berserker on Mar 11, 2020.
             Was a Priest of Trog.
             Slain by an orc wizard
             ... wielding a +1 dagger of electrocution
              (12 damage)
             ... on level 6 of the Dungeon.
             The game lasted 00:07:35 (4155 turns).

robertstho the Ruffian (Troll Berserker)            Turns: 4155, Time: 00:07:35

Health: -1/79      AC:  8    Str: 26    XL:     8   Next: 29%
Magic:  7/7        EV:  9    Int:  5    God:    Trog [***...]
Gold:   240        SH:  8    Dex:  9    Spells: 7/7 levels left

rFire    . . .     SeeInvis .     - Unarmed
rCold    . . .     Gourm    +   e - +0 kite shield
rNeg     . . .     Faith    .   a - +0 animal skin
rPois    .         Spirit   .   p - +2 hat
rElec    .         Reflect  .   (no cloak)
rCorr    .         Harm     .   (gloves unavailable)
MR       ++...                  (boots unavailable)
Stlth    +.........             (no amulet)
HPRegen  1.63/turn              (no ring)
MPRegen  0.10/turn              (no ring)

@: berserk cooldown, regenerating, slowed, very slow
A: large, unfitting armour, claws 3, fast metabolism 3, gourmand, regeneration
1, shaggy fur 1, tough skin 3
a: Berserk, Trog's Hand, Renounce Religion


You were on level 6 of the Dungeon.
You worshipped Trog.
Trog was most pleased with you.
You were very full.

You visited 1 branch of the dungeon, and saw 6 of its levels.
You also visited: Ossuary.

You collected 240 gold pieces.

Inventory:

Armour
 a - a +0 animal skin (worn)
 e - a +0 kite shield (worn)
 p - a +2 hat (worn)
Jewellery
 y - an uncursed amulet of the gourmand {unknown}
Scrolls
 f - a scroll of enchant weapon {unknown}
 g - a scroll of enchant armour {unknown}
 h - a scroll of magic mapping {unknown}
 i - 6 scrolls of identify {unknown}
 j - 3 scrolls of teleportation {unknown}
 m - a scroll of random uselessness {unknown}
 o - 3 scrolls of remove curse {unknown}
 q - a scroll of fog {unknown}
 r - a scroll of noise {unknown}
 t - a scroll of immolation {unknown}
Potions
 c - 5 potions of curing
 d - a potion of might {unknown}
 k - 7 potions of mutation {unknown}
 l - a potion of magic {unknown}
 n - 4 potions of brilliance {unknown}
 s - a potion of cancellation {unknown}
 u - 2 potions of heal wounds {unknown}
 v - a potion of ambrosia {unknown}
 w - a potion of lignification {unknown}
 x - 4 potions of berserk rage
 A - a potion of resistance {unknown}
 B - a potion of degeneration {unknown}
Comestibles
 b - 17 rations


   Skills:
 * Level 4.4 Fighting
 * Level 5.0 Dodging
 + Level 0.7 Stealth
 + Level 2.5 Shields
 + Level 6.8 Unarmed Combat


You had 7 spell levels left.
You didn't know any spells.
Your spell library was empty.

Dungeon Overview and Level Annotations

Branches:
Dungeon (6/15)             Temple (0/1) D:5         Ossuary (visited)

Altars:
Ashenzari
Gozag
Nemelex Xobeh
Ru
Sif Muna
Wu Jian

Annotations:
D:5 Need disintegrate for glass vaults


Innate Abilities, Weirdness & Mutations

You are too large for most types of armour.
You have claws for hands.
Your metabolism is lightning-fast.
You like to eat raw meat.
Your natural rate of healing is unusually fast.
You are covered in fur. (AC +1)
You have extremely tough skin. (AC +3)


Message History

You hear some strange, mumbled words.
A magic dart appears from out of thin air!
The magic dart hits you but does no damage.
You block the orc's attack. Something hits you but does no damage.
You are electrocuted!
* * * LOW HITPOINT WARNING * * *
You claw something! You block the orc's attack.
Something hits you but does no damage.
You miss something. The orc hits you but does no damage.
Something hits you but does no damage.
You miss something. You block the orc's attack. Something hits you.
* * * LOW HITPOINT WARNING * * *
The orc hits you from afar with a cursed -1 trident.
* * * LOW HITPOINT WARNING * * *
You hear some strange, mumbled words.
A puff of flame appears from out of thin air!
The puff of flame hits you!
* * * LOW HITPOINT WARNING * * *
You feel better. Something hits you but does no damage.
You are electrocuted!
You die...

# $### ..## ...#
##### ##..#
....%##@.)## .
..?...#{...###..
..>....o........
...$.⌠..).......
........<....###
.⌠.⌠.......###
..........##
.....⌠.####
..<....


You could see an orc.

Vanquished Creatures
  3 phantoms (D:4)
  2 ogres
  A gnoll sergeant (D:5)
  2 water moccasin zombies (Ossuary)
  A scorpion (D:4)
  3 crimson imps (D:5)
  3 jellies
  2 orc priests (D:5)
  An orc wizard (D:5)
  A worker ant (D:5)
  4 big kobold zombies (Ossuary)
  A hound skeleton (D:5)
  2 mummies (Ossuary)
  8 adders
  An ooze (D:3)
  4 adder zombies (Ossuary)
  2 adder skeletons (D:4)
  3 dart slugs
  5 leopard geckos
  13 orcs
  A ball python (D:3)
  4 giant cockroaches
  8 goblins
  7 hobgoblins
  4 jackals
  3 quokkas
  4 bats
  4 frilled lizards
  A gnoll zombie (Ossuary)
  5 hobgoblin zombies (Ossuary)
  9 kobolds
  4 kobold zombies (Ossuary)
  6 orc zombies (Ossuary)
  6 rats
128 creatures vanquished.

Notes
Turn   | Place    | Note
-------+----------+-------------------------------------------
     0 | D:1      | robertstho the Troll Berserker began the quest for the Orb.
     0 | D:1      | Reached XP level 1. HP: 22/22 MP: 0/0
   241 | D:1      | Reached XP level 2. HP: 29/29 MP: 1/1
   786 | D:2      | Reached XP level 3. HP: 36/36 MP: 2/2
   830 | D:2      | Found an ornate altar of the Wu Jian Council.
  1103 | D:2      | Found a sparkling altar of Nemelex Xobeh.
  1133 | D:2      | Found a shimmering blue altar of Sif Muna.
  1241 | D:2      | Reached XP level 4. HP: 43/44 MP: 3/3
  1635 | D:3      | Reached ** piety under Trog
  1669 | D:3      | Reached skill level 4 in Unarmed Combat
  1740 | D:3      | Found a faded altar of an unknown god.
  1903 | D:3      | Reached XP level 5. HP: 53/53 MP: 4/4
  2045 | D:3      | Found a shattered altar of Ashenzari.
  2328 | D:3      | Found a sacrificial altar of Ru.
  2469 | D:4      | Noticed a phantom
  2481 | D:4      | Reached skill level 1 in Shields
  2493 | D:4      | Killed a phantom
  2493 | D:4      | Reached XP level 6. HP: 44/61 MP: 5/5
  2692 | D:4      | Found an opulent altar of Gozag.
  2920 | D:4      | Reached skill level 5 in Unarmed Combat
  3166 | D:5      | Entered Level 5 of the Dungeon
  3191 | D:5      | Reached XP level 7. HP: 67/67 MP: 6/6
  3596 | D:5      | Reached *** piety under Trog
  3612 | D:5      | Found a staircase to the Ecumenical Temple.
  3644 | D:5      | Found a sand-covered staircase.
  3656 | Ossuary  | Entered an ossuary
  3732 | Ossuary  | Reached skill level 6 in Unarmed Combat
  3751 | Ossuary  | Reached XP level 8. HP: 71/78 MP: 7/7
  4132 | D:6      | Reached skill level 5 in Dodging
  4154 | D:6      | HP: 2/79 [something/puff of flame (9)]
  4155 | D:6      | Slain by an orc wizard

Levels and vault maps discovered:
D:1:      dpeg_arrival_boxes_within_box, layout_basic, hangedman_decor_riveting
D:2:      layout_basic, lemuel_doored_altar, marbit_many_paths,
          overflow_temple_1_default, minmay_misc_feat_alley
D:3:      layout_loops_cross, nicolae_ashenzari_panopticon,
          lemuel_coloured_pillars_altar, chequers_ecumenical_altar_grove
D:4:      layout_loops_corners, old_standard_altar,
          chequers_serial_rivers_micro_c
D:5:      layout_rooms, minmay_temple_entry_stoned_glass, first_ration,
          serial_glass, glass_columns_b, glass_columns_a, item_on_display_a,
          due_unseen_surprise, item_on_display_a,
          lightli_ossuary_entry_decrepit_ruins, nrook_mini_backslash,
          minmay_fractal_squares_diagonal_5
D:6:      layout_layer_cave, kennysheep_pointless_box, grunt_ministairs_10

Skill      XL: |  1  2  3  4  5  6  7  8 |
---------------+-------------------------+-----
Dodging        | 3 4 5 |  5.0
Fighting       | 3 4 |  4.4
Unarmed Combat | 4 5 6 |  6.8
Shields        | 1 2 |  2.5
Stealth        | |  0.7

Action                   |  1- 3 |  4- 6 |  7- 9 || total
-------------------------+-------+-------+-------++-------
Melee: Unarmed           |    94 |   158 |   201 ||   453
Invok: Berserk           |       |     3 |     1 ||     4
       Trog's Hand       |       |       |     1 ||     1
  Use: Potion            |       |       |     2 ||     2
 Stab: Sleeping          |     1 |     2 |       ||     3
  Eat: Chunk             |    17 |    18 |    12 ||    47
Armor: Animal skin       |    33 |    47 |    65 ||   145
Dodge: Dodged            |    23 |    46 |    71 ||   140
Block: Kite shield       |    22 |    54 |    73 ||   149

Table legend:
 A = Non-vault XP
 B = Vault XP
 C = Vault XP percentage of total XP
 D = Non-vault monster count
 E = Vault monster count
 F = Vault count percentage of total count
                 A         B        C        D         E       F
            +---------+---------+-------+---------+---------+-------
      Total |    1333 |     491 |  26.9 |      92 |      36 |  28.1
            +---------+---------+-------+---------+---------+-------
        D:1 |      34 |       0 |   0.0 |      20 |       0 |   0.0
        D:2 |      81 |       2 |   2.4 |      18 |       1 |   5.3
        D:3 |     117 |       0 |   0.0 |      24 |       0 |   0.0
        D:4 |     496 |       0 |   0.0 |      14 |       0 |   0.0
        D:5 |     484 |     137 |  22.1 |      15 |       4 |  21.1
        D:6 |     121 |       9 |   6.9 |       1 |       3 |  75.0
    Ossuary |       0 |     343 | 100.0 |       0 |      28 | 100.0
            +---------+---------+-------+---------+---------+-------
